 Dungeon Crawl Stone Soup version 0.25-a0-589-g1e14c549ee (webtiles) character file.

Game seed: 17026491751915625006, levelgen mode: deterministic

4662 Emblim88 the Fighter (level 10, 0/82 HPs)
             Began as a Gnoll Abyssal Knight on Mar 13, 2020.
             Was an Elder of Lugonu.
             Slain by a centaur (5 damage)
             ... on level 9 of the Dungeon.
             The game lasted 00:12:45 (6991 turns).

Emblim88 the Fighter (Gnoll Abyssal Knight)         Turns: 6991, Time: 00:12:48

Health: 0/82       AC: 13    Str: 17    XL:     10   Next: 43%
Magic:  17/17      EV: 13    Int: 12    God:    Lugonu [****..]
Gold:   445        SH:  0    Dex: 16    Spells: 19/19 levels left

rFire    + . .     SeeInvis .   K - +1 war axe (venom)
rCold    + . .     Gourm    .   (no shield)
rNeg     . . .     Faith    .   D - +3 scale mail
rPois    +         Spirit   .   E - +0 helmet
rElec    +         Reflect  .   G - +0 cloak
rCorr    .         Harm     .   (no gloves)
MR       .....                  (no boots)
Stlth    +++.......             (no amulet)
HPRegen  0.23/turn              v - ring of stealth
MPRegen  0.15/turn              o - +2 ring of slaying

@: about to teleport, slowed, very slow
A: distributed training, fangs 1, cold resistance 1, dopey 1, fire resistance 1,
poison resistance, electricity resistance, evolution 1, strong nose
a: Depart the Abyss, Bend Space, Banish, Corrupt, Renounce Religion


You were on level 9 of the Dungeon.
You worshipped Lugonu.
Lugonu was greatly pleased with you.
You were not hungry.

You visited 1 branch of the dungeon, and saw 9 of its levels.
You visited the Abyss 1 time.

You collected 445 gold pieces.

Inventory:

Hand Weapons
 I - a +1 vorpal long sword
 K - a +1 war axe of venom (weapon)
Missiles
 a - a boomerang of dispersal
 m - 9 boomerangs (quivered)
 F - 38 poisoned darts
Armour
 D - a +3 scale mail (worn)
 E - a +0 helmet (worn)
 G - a +0 cloak (worn)
Jewellery
 e - an uncursed ring of see invisible
 f - an uncursed ring of positive energy
 j - a cursed ring of attention {unknown}
 o - a +2 ring of slaying (right hand)
 v - a ring of stealth (left hand)
Wands
 b - a wand of scattershot (3)
 p - a wand of polymorph (1)
 B - a wand of flame (12)
 C - a wand of enslavement (13)
Scrolls
 d - 2 scrolls of blinking
 i - 3 scrolls of fog
 l - 5 scrolls of remove curse
 q - a scroll of identify
 s - 2 scrolls of immolation
 u - 3 scrolls of amnesia
 w - 2 scrolls of magic mapping
 y - a scroll of teleportation
 J - a scroll of enchant armour {unknown}
Potions
 g - a potion of berserk rage {unknown}
 h - 2 potions of flight {unknown}
 k - 3 potions of curing
 n - 4 potions of invisibility {unknown}
 r - 2 potions of heal wounds {unknown}
 t - 2 potions of haste
 x - 4 potions of might
 z - a potion of lignification {unknown}
 A - a potion of brilliance
 H - a potion of degeneration {unknown}
Comestibles
 c - 16 rations
 L - 2 chunks of flesh


   Skills:
 + Level 8.4 Fighting
 + Level 5.2 Short Blades
 + Level 7.0 Long Blades
 + Level 5.2 Axes
 + Level 5.2 Maces & Flails
 + Level 5.2 Polearms
 + Level 5.2 Staves
 + Level 5.2 Slings
 + Level 5.2 Bows
 + Level 5.2 Crossbows
 + Level 5.2 Throwing
 + Level 7.0 Armour
 + Level 5.8 Dodging
 + Level 5.2 Stealth
 + Level 5.2 Shields
 + Level 5.2 Unarmed Combat
 + Level 5.2 Spellcasting
 + Level 4.3 Conjurations
 + Level 4.3 Hexes
 + Level 4.3 Charms
 + Level 4.3 Summonings
 + Level 4.3 Necromancy
 + Level 4.3 Translocations
 + Level 4.3 Transmutations
 + Level 4.3 Fire Magic
 + Level 4.3 Ice Magic
 + Level 4.3 Air Magic
 + Level 4.3 Earth Magic
 + Level 4.3 Poison Magic
 + Level 7.4 Invocations
 + Level 5.2 Evocations


You had 19 spell levels left.
You didn't know any spells.
Your spell library was empty.

Dungeon Overview and Level Annotations

Branches:
Dungeon (9/15)             Temple (0/1) D:7            Lair (0/6) D:8
    Orc: D:9-12

Altars:
Ashenzari
Dithmenos
Fedhas
Gozag
Kikubaaqudgha
Nemelex Xobeh
Qazlal
Sif Muna
Uskayaw
Vehumet
Wu Jian
Xom
Lugonu

Shops:
D:7 %

Annotations:
D:6 1 runed translucent door, Forecaster's ghost, novice NaWz
D:7 exclusion: ice statue
D:8 2 transporters
D:9 2 transporters, Erolcha


Innate Abilities, Weirdness & Mutations

Your experience applies equally to all skills.
You have very sharp teeth.
Your uncanny sense of smell can sniff out nearby items.
Your flesh is cold resistant. (rC+)
You are dopey. (Int -2)
Your flesh is heat resistant. (rF+)
Your system is resistant to poisons. (rPois)
You are resistant to electric shocks. (rElec)
You evolve.


Message History

Erolcha points at you and mumbles some strange words.
The bolt of cold hits you! You resist.
The centaur shouts!
There is an open door here.
You feel a little less mighty now.
The centaur wields a +0 shortbow.
The centaur shoots an arrow.
The arrow closely misses you.
You see here an arrow.
As you read the scroll of teleportation, it crumbles to dust.
You feel strangely unstable.
The centaur shoots an arrow.
The arrow hits you.
Erolcha points at you and mumbles some strange words.
You resist with some effort.
The centaur shoots an arrow.
The arrow closely misses you.
Erolcha zaps a wand.
The mass of ice explodes!
The iceblast engulfs you! You partially resist.
* * * LOW HITPOINT WARNING * * *
Erolcha hits you with a +0 giant club!
* * * LOW HITPOINT WARNING * * *
The centaur unwields a +0 shortbow.
The centaur hits you.
You die...

....####### ... ..........
.... ..........
....####.........
................
#...............
##...c........
#....O@....?..
...###§###.C.............
#≈§§≈≈#...............
#≈≈.§≈#...............
+..§..C.............).
#≈≈§§≈#...............
#≈≈.≈§#...............
####'###...............
###..#.......O).............


You could see Erolcha, a cyclops and a centaur.

Vanquished Creatures
  Joseph (D:9)
  Psyche (D:9)
  A hippogriff (D:7)
  A wyvern (D:8)
  A human (D:8)
  An orc warrior (D:6)
  A black bear (D:8)
  5 ice beasts
  3 sky beasts
  2 necrophages (D:8)
  6 ogres
  5 centaurs
  6 bullfrogs
  A big kobold (D:9)
  A water moccasin skeleton (D:9)
  4 scorpions
  A quasit (D:3)
  A centaur zombie (D:5)
  5 orc priests
  A jelly (D:7)
  8 orc wizards
  2 iguanas (D:8)
  Jessica (D:3)
  A bullfrog skeleton (D:5)
  3 worker ants
  2 hound skeletons
  A worker ant zombie (D:6)
  9 adders
  2 shadow imps
  An ooze (D:3)
  An adder skeleton (D:8)
  2 worms
  3 leopard geckos
  26 orcs
  A ball python (D:6)
  5 bats
  4 giant cockroaches
  6 goblins
  8 hobgoblins
  9 jackals
  8 kobolds
  3 quokkas
  7 frilled lizards
  A leopard gecko skeleton (D:4)
  2 quokka zombies
  6 rats
170 creatures vanquished.

Vanquished Creatures (others)
  An orc wizard (D:4)
1 creature vanquished.

Grand Total: 171 creatures vanquished

Notes
Turn   | Place    | Note
-------+----------+-------------------------------------------
     0 | Abyss:1  | Emblim88 the Gnoll Abyssal Knight began the quest for the
                  | Orb.
     0 | Abyss:1  | Reached XP level 1. HP: 23/23 MP: 3/3
    55 | Abyss:1  | Noticed a raiju
    55 | Abyss:1  | Noticed a lich
    56 | D:1      | Escaped the Abyss
    69 | D:1      | Reached XP level 2. HP: 23/29 MP: 5/5
   118 | D:1      | Reached * piety under Lugonu
   466 | D:2      | Noticed a sky beast
   482 | D:2      | Killed a sky beast
   482 | D:2      | Reached skill level 1 in Short Blades
   482 | D:2      | Reached skill level 1 in Axes
   482 | D:2      | Reached skill level 1 in Maces & Flails
   482 | D:2      | Reached skill level 1 in Polearms
   482 | D:2      | Reached skill level 1 in Staves
   482 | D:2      | Reached skill level 1 in Slings
   482 | D:2      | Reached skill level 1 in Bows
   482 | D:2      | Reached skill level 1 in Crossbows
   482 | D:2      | Reached skill level 1 in Throwing
   482 | D:2      | Reached skill level 1 in Stealth
   482 | D:2      | Reached skill level 1 in Shields
   482 | D:2      | Reached skill level 1 in Unarmed Combat
   482 | D:2      | Reached skill level 1 in Spellcasting
   482 | D:2      | Reached skill level 1 in Conjurations
   482 | D:2      | Reached skill level 1 in Hexes
   482 | D:2      | Reached skill level 1 in Charms
   482 | D:2      | Reached skill level 1 in Summonings
   482 | D:2      | Reached skill level 1 in Necromancy
   482 | D:2      | Reached skill level 1 in Translocations
   482 | D:2      | Reached skill level 1 in Transmutations
   482 | D:2      | Reached skill level 1 in Fire Magic
   482 | D:2      | Reached skill level 1 in Ice Magic
   482 | D:2      | Reached skill level 1 in Air Magic
   482 | D:2      | Reached skill level 1 in Earth Magic
   482 | D:2      | Reached skill level 1 in Poison Magic
   482 | D:2      | Reached skill level 1 in Evocations
   482 | D:2      | Reached XP level 3. HP: 25/35 MP: 6/6
   482 | D:2      | Reached XP level 4. HP: 29/41 MP: 7/7
   920 | D:2      | Reached XP level 5. HP: 32/47 MP: 8/8
  1322 | D:3      | Noticed Grinder
  1357 | D:3      | Paralysed by Grinder for 2 turns
  1370 | D:3      | Noticed Grinder
  1370 | D:3      | Grinder changed into Grinder the quasit
  1379 | D:3      | Gained mutation: You are dopey. (Int -2) [potion of
                  | mutation]
  1379 | D:3      | Gained mutation: Your flesh is heat resistant. (rF+)
                  | [potion of mutation]
  1379 | D:3      | Gained mutation: You evolve. [potion of mutation]
  1395 | D:3      | Killed Grinder the quasit
  1848 | D:3      | Noticed Jessica
  1856 | D:3      | Killed Jessica
  2009 | D:3      | Reached ** piety under Lugonu
  2163 | D:3      | Reached skill level 5 in Invocations
  2163 | D:3      | Reached XP level 6. HP: 32/53 MP: 9/9
  2319 | D:3      | Found a shadowy altar of Dithmenos.
  2389 | D:3      | Gained mutation: Your flesh is cold resistant. (rC+)
                  | [evolution]
  2546 | D:4      | You fall into a shaft and drop 2 floors!
  2571 | D:6      | Noticed an orc warrior
  2587 | D:6      | Killed an orc warrior
  2587 | D:6      | Reached skill level 5 in Long Blades
  2587 | D:6      | Reached skill level 5 in Armour
  2834 | D:5      | Entered Level 5 of the Dungeon
  2904 | D:5      | Reached XP level 7. HP: 59/59 MP: 10/10
  3233 | D:4      | Reached skill level 7 in Fighting
  3755 | D:4      | Gained mutation: You are resistant to electric shocks.
                  | (rElec) [evolution]
  4262 | D:5      | Reached XP level 8. HP: 63/67 MP: 12/12
  4567 | D:6      | Found a sparkling altar of Nemelex Xobeh.
  4609 | D:6      | Found a runed translucent door.
  4609 | D:6      | Found a shimmering altar of Xom.
  4609 | D:6      | Noticed Forecaster's ghost (novice NaWz)
  4609 | D:6      | Noticed a +1 rapier of chaos
  4910 | D:7      | Noticed a hippogriff
  4918 | D:7      | Killed a hippogriff
  5060 | D:7      | Reached *** piety under Lugonu
  5095 | D:7      | Reached XP level 9. HP: 47/72 MP: 14/14
  5098 | D:7      | Noticed an ice statue
  5120 | D:7      | Found a staircase to the Ecumenical Temple.
  5146 | D:7      | Found Olisus's Food Shop.
  5363 | D:7      | Gained mutation: Your system is resistant to poisons.
                  | (rPois) [evolution]
  5478 | D:8      | Found a staircase to the Lair.
  5608 | D:8      | Found a transporter.
  5613 | D:8      | Found a transporter.
  5616 | D:8      | Noticed a wind drake
  5617 | D:8      | Noticed a komodo dragon
  5628 | D:8      | Found an opulent altar of Gozag.
  5630 | D:8      | Found an ancient bone altar of Kikubaaqudgha.
  5639 | D:8      | Reached skill level 5 in Dodging
  5666 | D:8      | Noticed a cyclops
  5666 | D:8      | a wind drake changed into a cyclops
  5676 | D:8      | Reached skill level 8 in Fighting
  5693 | D:8      | Found a shimmering blue altar of Sif Muna.
  5719 | D:8      | Found a blossoming altar of Fedhas.
  6009 | D:8      | Found a shattered altar of Ashenzari.
  6029 | D:8      | Reached XP level 10. HP: 65/80 MP: 15/17
  6054 | D:8      | Found an ornate altar of the Wu Jian Council.
  6183 | D:8      | Reached **** piety under Lugonu
  6199 | D:8      | Found a stormy altar of Qazlal.
  6357 | D:8      | Noticed a harpy
  6363 | D:8      | a harpy changed into a raiju
  6424 | D:9      | Found a transporter.
  6461 | D:9      | Found a hide-covered altar of Uskayaw.
  6535 | D:9      | Noticed a cyan ugly thing
  6537 | D:9      | Found a corrupted altar of Lugonu.
  6537 | D:9      | Found a transporter.
  6537 | D:9      | Noticed a brown ugly thing
  6655 | D:9      | Noticed Joseph
  6660 | D:9      | Reached skill level 5 in Short Blades
  6660 | D:9      | Reached skill level 5 in Axes
  6660 | D:9      | Reached skill level 5 in Maces & Flails
  6660 | D:9      | Reached skill level 5 in Polearms
  6660 | D:9      | Reached skill level 5 in Staves
  6660 | D:9      | Reached skill level 5 in Slings
  6660 | D:9      | Reached skill level 5 in Bows
  6660 | D:9      | Reached skill level 5 in Crossbows
  6660 | D:9      | Reached skill level 5 in Throwing
  6660 | D:9      | Reached skill level 5 in Stealth
  6660 | D:9      | Reached skill level 5 in Shields
  6660 | D:9      | Reached skill level 5 in Unarmed Combat
  6660 | D:9      | Reached skill level 5 in Spellcasting
  6660 | D:9      | Reached skill level 5 in Evocations
  6690 | D:9      | Killed Joseph
  6944 | D:9      | Noticed Psyche
  6962 | D:9      | Killed Psyche
  6963 | D:9      | Noticed a cyclops
  6974 | D:9      | Noticed Erolcha
  6982 | D:9      | Found a radiant altar of Vehumet.
  6991 | D:9      | Slain by a centaur

Levels and vault maps discovered:
D:1:      dpeg_arrival_stonehenge_8_columns, layout_rooms,
          grunt_decor_resistance
D:2:      layout_basic, grunt_ministairs_6
D:3:      cheibrodos_helix_gallery, layout_loops_ring, lemuel_round_altar,
          first_ration, eino_curves_03, uniq_grinder, uniq_jessica
D:4:      layout_loops_cross
D:5:      layout_rooms
D:6:      layout_rooms, nemelex_altar_shiori, ebering_ghost_xom,
          kennysheep_cross_bottleneck
D:7:      lemuel_ice_statue, layout_rooms, minmay_temple_entry_slanted,
          serial_shops, shop
D:8:      layout_rooms, lemuel_round_altar, lemuel_doored_altar,
          nicolae_overflow_hidden_temple, old_standard_altar,
          lemuel_round_altar, gammafunk_temple_overflow_arena, grunt_pizzeria
D:9:      gammafunk_corrupted_shrine, layout_basic, kennysheep_little_box,
          eat_drink_and_be_merry_uskayaw, overflow_temple_1_default,
          lemuel_zombie_altar_yredelemnul, uniq_joseph, uniq_erolcha,
          uniq_psyche

Skill      XL: |  1  2  3  4  5  6  7  8  9 10 |
---------------+-------------------------------+-----
Short Blades   | 1 2 3 4 5 |  5.2
Axes           | 1 2 3 4 5 |  5.2
Maces & Flails | 1 2 3 4 5 |  5.2
Polearms       | 1 2 3 4 5 |  5.2
Staves         | 1 2 3 4 5 |  5.2
Slings         | 1 2 3 4 5 |  5.2
Bows           | 1 2 3 4 5 |  5.2
Crossbows      | 1 2 3 4 5 |  5.2
Throwing       | 1 2 3 4 5 |  5.2
Stealth        | 1 2 3 4 5 |  5.2
Shields        | 1 2 3 4 5 |  5.2
Unarmed Combat | 1 2 3 4 5 |  5.2
Spellcasting   | 1 2 3 4 5 |  5.2
Conjurations   | 1 2 3 4 |  4.3
Hexes          | 1 2 3 4 |  4.3
Charms         | 1 2 3 4 |  4.3
Summonings     | 1 2 3 4 |  4.3
Necromancy     | 1 2 3 4 |  4.3
Translocations | 1 2 3 4 |  4.3
Transmutations | 1 2 3 4 |  4.3
Fire Magic     | 1 2 3 4 |  4.3
Ice Magic      | 1 2 3 4 |  4.3
Air Magic      | 1 2 3 4 |  4.3
Earth Magic    | 1 2 3 4 |  4.3
Poison Magic   | 1 2 3 4 |  4.3
Evocations     | 1 2 3 4 5 |  5.2
Dodging        | 3 4 5 |  5.8
Invocations    | 5 6 7 |  7.4
Long Blades    | 5 6 7 |  7.0
Armour         | 5 6 7 |  7.0
Fighting       | 7 8 |  8.4

Action                   |  1- 3 |  4- 6 |  7- 9 | 10-12 || total
-------------------------+-------+-------+-------+-------++-------
Melee: Falchion          |    49 |   172 |       |       ||   221
       Bite              |     4 |    26 |    47 |     9 ||    86
       Punch             |       |     1 |     4 |       ||     5
       Hand axe          |       |    43 |   171 |       ||   214
       Long sword        |       |       |    75 |    30 ||   105
       War axe           |       |       |    68 |    20 ||    88
Invok: Depart the Abyss  |     1 |       |       |       ||     1
Evoke: Wand              |       |     1 |       |     2 ||     3
  Use: Potion            |       |     6 |     1 |       ||     7
       Scroll            |       |       |     9 |     1 ||    10
 Stab: Sleeping          |       |       |     4 |     4 ||     8
  Eat: Chunk             |       |     6 |    11 |       ||    17
       Ration            |       |       |       |     1 ||     1
Armor: Leather armour    |    10 |       |       |       ||    10
       Chain mail        |    15 |   144 |    81 |       ||   240
       Scale mail        |       |       |    79 |    27 ||   106
Dodge: Dodged            |    30 |   116 |   181 |    46 ||   373
       Rpst.: Falchion   |    11 |    30 |       |       ||    41
       Long sword        |       |       |    15 |     6 ||    21

Table legend:
 A = Non-vault XP
 B = Vault XP
 C = Vault XP percentage of total XP
 D = Non-vault monster count
 E = Vault monster count
 F = Vault count percentage of total count
                 A         B        C        D         E       F
            +---------+---------+-------+---------+---------+-------
      Total |    5380 |    1280 |  19.2 |     163 |       8 |   4.7
            +---------+---------+-------+---------+---------+-------
        D:1 |      31 |       0 |   0.0 |      16 |       0 |   0.0
        D:2 |      21 |     123 |  85.4 |      12 |       2 |  14.3
        D:3 |     110 |      83 |  43.0 |      25 |       3 |  10.7
        D:4 |     304 |       0 |   0.0 |      19 |       0 |   0.0
        D:5 |     454 |       0 |   0.0 |      12 |       0 |   0.0
        D:6 |     449 |       0 |   0.0 |       9 |       0 |   0.0
        D:7 |    1263 |       0 |   0.0 |      23 |       0 |   0.0
        D:8 |    2113 |     189 |   8.2 |      30 |       1 |   3.2
        D:9 |     635 |     885 |  58.2 |      17 |       2 |  10.5
            +---------+---------+-------+---------+---------+-------
